Knights vs Mustangs (R1)

Created - November 26, 2017 at 19:00

Goals
1 2 3 T
Knights 3 1 1 5
Mustangs 3 2 2 7
Shots
1 2 3 T
Knights 15 17 10 42
Mustangs 12 13 8 33

1st period

1. Knights , Jordan Martinook 1 (Tom Wilson 2, Zach Trotman 6) at 3:47
2. Knights , Kevin Hayes 4 (Ronalds Kenins 3, Jared Spurgeon 11) at 6:03 (PP)
3. Mustangs , Eric Wellwood 13 (Josh Jooris 14) at 12:22
4. Mustangs , Denis Bodrov 1 (Eric Wellwood 21, Riley Sheahan 25) at 12:44 (PP)
5. Knights , Cody Bass 3 (Justin Falk 1) at 18:57 (SH)
6. Mustangs , Riley Sheahan 16 (Eric Wellwood 22, Cameron Gaunce 11) at 19:05 (PP)

Penalties :
Eric Wellwood (Ham) for Roughing (Minor) at 0:22, Marcus Foligno (Ham) for Hooking (Minor) at 4:22, Jacob Trouba (Lon) for Goalie Interference (Minor) at 12:25, Jacob Trouba (Lon) for Hooking (Minor) at 18:44

2nd period

7. Mustangs , Denis Bodrov 2 (Marcus Foligno 16, Jim O'Brien 4) at 5:09 (PP)
8. Mustangs , Jerome Samson 5 (Mark Pysyk 5, Joshua Leivo 3) at 9:26
9. Knights , Cody Bass 4 (Michael Raffl 14, Josh Bailey 6) at 19:56 (PP)

Penalties :
Jacob Trouba (Lon) for Holding (Minor) at 0:12, James Wright (Lon) for Hooking (Minor) at 3:55, Josh Jooris (Ham) for Cross-checking (Minor) at 19:39

3rd period

10. Mustangs , Eric Wellwood 14 (Riley Sheahan 26) at 7:18
11. Knights , Cody Bass 5 (Josh Bailey 7) at 13:58 (PP)
12. Mustangs , Riley Sheahan 17 (Josh Jooris 15, Cameron Gaunce 12) at 19:38

Penalties :
Marcus Foligno (Ham) for Hooking (Minor) at 12:51, Denis Bodrov (Ham) for Tripping (Minor) at 14:04

Goalie Stats

Connor Knapp (Lon), 9 saves from 11 shots - (0.818), L, 2-1-0, 30:34 minutes
Ben Scrivens (Lon), 17 saves from 22 shots - (0.773), 29:26 minutes
Peter Mannino (Ham), 37 saves from 42 shots - (0.881), W, 7-7-3, 60:00 minutes

Players Stats for Knights

Player Name              G  A  P  +/- PIM S  H  SB GA TA FO     MP     PP MP  PK MP  
------------------------------------------------------------------------------------
A.J. Jenks               0  0  0  -1  0   2  1  0  1  0  0/1    11:43   0:00   0:00 
Alan Quine               0  0  0   1  0   1  0  1  0  0  1/2     7:54   0:00   0:00 
Brendan Gaunce           0  0  0  -1  0   1  0  0  0  1  1/4    13:50   0:03   0:35 
Cody Bass                3  0  3  -1  0   6  2  0  0  0  13/26  19:35   3:15   2:43 
Jacob Trouba             0  0  0  -2  6   1  1  1  0  0  0/0    20:24   1:50   0:19 
James Wright             0  0  0  -1  2   2  1  1  0  0  10/25  18:40   3:45   0:35 
Jared Spurgeon           0  1  1  -2  0   4  2  2  0  2  0/0    24:41   5:13   1:13 
Jordan Martinook         1  0  1   1  0   1  0  0  0  0  0/0     8:31   0:03   0:00 
Josh Bailey              0  2  2  -1  0   4  1  1  1  0  1/1    17:16   3:15   0:00 
Justin Falk              0  1  1  -1  0   0  2  1  0  1  0/0    21:09   1:50   2:40 
Kevin Hayes              1  0  1  -2  0   5  3  0  0  0  1/1    17:33   3:45   0:00 
Linden Vey               0  0  0  -1  0   2  1  0  1  1  1/1    12:48   0:03   0:00 
Michael Matheson         0  0  0   1  0   0  1  0  0  0  0/0    14:44   0:00   0:54 
Michael Raffl            0  1  1   0  0   4  0  0  1  1  0/1    20:05   3:15   2:43 
Ronalds Kenins           0  1  1  -2  0   3  3  1  2  2  0/0    19:41   3:45   1:10 
Tom Wilson               0  1  1   1  0   2  1  0  1  0  0/0     7:32   0:00   0:00 
Tomas Kundratek          0  0  0  -1  0   4  2  2  1  1  0/0    26:28   5:13   2:40 
Zach Trotman             0  1  1   1  0   0  1  0  0  1  0/0    13:29   0:00   0:00 

Players Stats for Mustangs

Player Name              G  A  P  +/- PIM S  H  SB GA TA FO     MP     PP MP  PK MP  
------------------------------------------------------------------------------------
Alexei Marchenko         0  0  0   0  0   2  0  2  0  0  0/0    14:25   0:00   2:44 
Andreas Athanasiou       0  0  0  -1  0   0  1  0  0  0  2/4     9:03   0:00   0:54 
Andrew Shaw              0  0  0   0  0   1  3  0  0  0  0/0    14:33   1:49   0:00 
Brady Skjei              0  0  0   2  0   1  1  1  0  1  0/0    17:18   0:42   0:21 
Cameron Gaunce           0  2  2   0  0   2  2  3  1  1  0/0    28:47   3:11   4:28 
Curtis Hamilton          0  0  0  -1  0   0  0  0  0  0  0/0     8:09   0:00   0:00 
Denis Bodrov             2  0  2   0  2   4  4  5  0  1  0/0    28:13   3:11   3:25 
Eric Wellwood            2  2  4   1  2   5  1  1  3  1  2/4    19:55   2:04   2:23 
Francis Paré             0  0  0  -1  0   0  0  0  1  3  0/0     8:09   0:00   0:00 
Jerome Samson            1  0  1   1  0   2  0  0  0  0  0/0    11:52   0:00   0:00 
Jim O'Brien              0  1  1   0  0   1  0  0  1  0  9/11   16:21   1:49   1:51 
Josh Jooris              0  2  2   2  2   2  1  0  0  0  2/2    20:26   2:04   1:51 
Joshua Leivo             0  1  1   1  0   0  0  1  1  0  1/2    12:08   0:00   0:29 
Marcus Foligno           0  1  1   1  4   5  3  2  1  0  0/0    17:21   1:49   2:20 
Mark Pysyk               0  1  1   2  0   1  1  2  2  1  0/0    18:52   0:42   2:14 
Rick Schofield           0  0  0   1  0   2  0  0  0  0  1/3    11:39   0:00   0:00 
Riley Sheahan            2  2  4   2  0   4  4  0  0  0  17/36  22:47   2:04   4:18 
Scott Mayfield           0  0  0   0  0   1  1  0  0  0  0/0    12:54   0:00   0:54 

3 Stars

1 - Riley Sheahan (Ham)
2 - Eric Wellwood (Ham)
3 - Cody Bass (Lon)

Power Play

Knights - 3 on 5 Attempt(s) - 60.00%
Mustangs - 3 on 4 Attempt(s) - 75.00%

Penalty Kill

Knights - 1 on 4 Attempt(s) - 25.00% - Score 1 goal in Penalty Kill
Mustangs - 2 on 5 Attempt(s) - 40.00% - Score 0 goal in Penalty Kill

Team Stat

Knights - Hits : 22 - Faceoff Wins : 28 - Blocked Shots : 10 - Penalty Minutes : 8
Mustangs - Hits : 22 - Faceoff Wins : 34 - Blocked Shots : 17 - Penalty Minutes : 10

Official

Referees : Watson Brad and VanMassenhoven Don
Linesman : Scott Cherrey and Mike Cvik

Game Notes

Connor Knapp enters game at 9:26 of 2nd period
Cody Bass has scored a Hat Trick!

Finance

Level 1 -- Attendance: 1557 (77.85%) -- Ticket Income $62,280
Level 2 -- Attendance: 766 (76.60%) -- Ticket Income $15,320
Total Attendance: 2323 (77.43%)
Total Ticket Income: $77,600
Other Income: $3,880
Total Income: $81,480

Knights

5 vs 5 Forward 
   Center                   Left Wing                Right Wing               Time % Phy DF OF 
 1 James Wright             Michael Raffl            Josh Bailey              37     0   0  5  
 2 Cody Bass                Ronalds Kenins           Kevin Hayes              33     0   1  4  
 3 Brendan Gaunce           A.J. Jenks               Linden Vey               20     1   1  3  
 4 Alan Quine               Jordan Martinook         Tom Wilson               10     1   2  2  

5 vs 5 Defense 
   Defense                  Defense                                           Time % Phy DF OF 
 1 Tomas Kundratek          Jared Spurgeon                                    40     1   2  2  
 2 Jacob Trouba             Justin Falk                                       30     1   2  2  
 3 Michael Matheson         Zach Trotman                                      20     1   2  2  
 4 Tomas Kundratek          Jacob Trouba                                      10     1   2  2  

PowerPlay Forward 
   Center                   Left Wing                Right Wing               Time % Phy DF OF 
 1 Cody Bass                Michael Raffl            Josh Bailey              60     0   0  5  
 2 James Wright             Ronalds Kenins           Kevin Hayes              40     0   0  5  

PowerPlay Defense
   Defense                  Defense                                           Time % Phy DF OF 
 1 Jared Spurgeon           Tomas Kundratek                                   60     0   2  3  
 2 Justin Falk              Jacob Trouba                                      40     0   2  3  

Penalty Kill 4 Players Forward 
   Center                   Wing                     Time % Phy DF OF 
 1 Cody Bass                Michael Raffl            60     1   3  1  
 2 James Wright             Ronalds Kenins           40     1   3  1  

Penalty Kill 4 Players Defense
   Defense                  Defense                  Time % Phy DF OF 
 1 Tomas Kundratek          Justin Falk              60     1   4  0  
 2 Jacob Trouba             Jared Spurgeon           40     1   4  0  

Penalty Kill - 3 Players Forward 
   Forward                                           Time % Phy DF OF 
 1 James Wright                                      60     0   4  1  
 2 Cody Bass                                         40     0   4  1  

Penalty Kill - 3 Players Defense
   Defense                  Defense                  Time % Phy DF OF 
 1 Tomas Kundratek          Justin Falk              60     1   4  0  
 2 Jacob Trouba             Jared Spurgeon           40     1   4  0  

4 vs 4 Forward 
   Center                   Wing                     Time % Phy DF OF 
 1 James Wright             Michael Raffl            60     1   2  2  
 2 Cody Bass                Kevin Hayes              40     1   2  2  

4 vs 4 Defense
   Defense                  Defense                  Time % Phy DF OF 
 1 Justin Falk              Tomas Kundratek          60     1   2  2  
 2 Jared Spurgeon           Jacob Trouba             40     1   2  2  

Last Minutes Offensive
   Center                   Left Wing                Right Wing               Defense                  Defense                  
   James Wright             Michael Raffl            Josh Bailey              Tomas Kundratek          Jared Spurgeon           

Last Minutes Defensive
   Center                   Left Wing                Right Wing               Defense                  Defense                  
   Cody Bass                Michael Raffl            Kevin Hayes              Tomas Kundratek          Jared Spurgeon           

Goaltenders
Starting : Ben Scrivens             
Backup : Connor Knapp             

Extra Forwards
Normal : Cody Bass, Michael Raffl, James Wright - PP : Michael Raffl, James Wright - PK : Michael Raffl
Extra Defensemen
Normal : Jared Spurgeon, Jacob Trouba, Tomas Kundratek - PP : Jacob Trouba - PK : Jacob Trouba, Tomas Kundratek
Penalty Shots
Kevin Hayes, James Wright, Cody Bass, Michael Raffl, Josh Bailey

Scratches
Jordan Weal (Healthy), Collin Miller (Healthy), Matt Puempel (Healthy), Jaccob Slavin (Healthy), David Shields (Healthy)
Matthew Benning (Healthy), Matt Grzelcyk (Healthy), Brett Connolly (Healthy), Travis Boyd (Healthy), Scott Jackson (Healthy)
Nikita Nikitin (Healthy), Magnus Hellberg (Healthy)

Mustangs

5 vs 5 Forward 
   Center                   Left Wing                Right Wing               Time % Phy DF OF 
 1 Riley Sheahan            Eric Wellwood            Josh Jooris              40     1   2  2  
 2 Jim O'Brien              Marcus Foligno           Andrew Shaw              30     1   2  2  
 3 Rick Schofield           Joshua Leivo             Jerome Samson            20     1   2  2  
 4 Andreas Athanasiou       Curtis Hamilton          Francis Paré             10     1   2  2  

5 vs 5 Defense 
   Defense                  Defense                                           Time % Phy DF OF 
 1 Denis Bodrov             Cameron Gaunce                                    40     1   2  2  
 2 Brady Skjei              Mark Pysyk                                        30     1   2  2  
 3 Alexei Marchenko         Scott Mayfield                                    20     1   2  2  
 4 Denis Bodrov             Cameron Gaunce                                    10     1   2  2  

PowerPlay Forward 
   Center                   Left Wing                Right Wing               Time % Phy DF OF 
 1 Riley Sheahan            Eric Wellwood            Josh Jooris              60     1   2  2  
 2 Jim O'Brien              Marcus Foligno           Andrew Shaw              40     1   2  2  

PowerPlay Defense
   Defense                  Defense                                           Time % Phy DF OF 
 1 Denis Bodrov             Cameron Gaunce                                    60     1   2  2  
 2 Brady Skjei              Mark Pysyk                                        40     1   2  2  

Penalty Kill 4 Players Forward 
   Center                   Wing                     Time % Phy DF OF 
 1 Riley Sheahan            Marcus Foligno           60     1   2  2  
 2 Jim O'Brien              Josh Jooris              40     1   2  2  

Penalty Kill 4 Players Defense
   Defense                  Defense                  Time % Phy DF OF 
 1 Denis Bodrov             Cameron Gaunce           60     1   2  2  
 2 Alexei Marchenko         Mark Pysyk               40     1   2  2  

Penalty Kill - 3 Players Forward 
   Forward                                           Time % Phy DF OF 
 1 Riley Sheahan                                     60     1   2  2  
 2 Jim O'Brien                                       40     1   2  2  

Penalty Kill - 3 Players Defense
   Defense                  Defense                  Time % Phy DF OF 
 1 Denis Bodrov             Cameron Gaunce           60     1   2  2  
 2 Alexei Marchenko         Mark Pysyk               40     1   2  2  

4 vs 4 Forward 
   Center                   Wing                     Time % Phy DF OF 
 1 Riley Sheahan            Marcus Foligno           60     1   2  2  
 2 Jim O'Brien              Josh Jooris              40     1   2  2  

4 vs 4 Defense
   Defense                  Defense                  Time % Phy DF OF 
 1 Denis Bodrov             Cameron Gaunce           60     1   2  2  
 2 Brady Skjei              Mark Pysyk               40     1   2  2  

Last Minutes Offensive
   Center                   Left Wing                Right Wing               Defense                  Defense                  
   Riley Sheahan            Marcus Foligno           Josh Jooris              Denis Bodrov             Cameron Gaunce           

Last Minutes Defensive
   Center                   Left Wing                Right Wing               Defense                  Defense                  
   Riley Sheahan            Marcus Foligno           Josh Jooris              Denis Bodrov             Cameron Gaunce           

Goaltenders
Starting : Peter Mannino            
Backup : Chet Pickard             

Extra Forwards
Normal : Riley Sheahan, Andrew Shaw, Jerome Samson - PP : Jerome Samson, Andrew Shaw - PK : Marcus Foligno
Extra Defensemen
Normal : Cameron Gaunce, Alexei Marchenko, Mark Pysyk - PP : Cameron Gaunce - PK : Alexei Marchenko, Denis Bodrov
Penalty Shots
Andreas Athanasiou, Rick Schofield, Andrew Shaw, Marcus Foligno, Josh Jooris

Scratches
Roman Horak (Healthy), Dominik Uher (Healthy), Joe Finley (Healthy), Eric Knodel (Healthy), Matthew Finn (Healthy)
Danny Biega (Healthy), Raphael Bussieres (Healthy), Sam Kurker (Healthy), Max Gortz (Healthy), Riley Nash (Healthy)
Justin Peters (Healthy), Joacim Eriksson (Healthy)

% Time on Ice - Knights

Lines # - Real PCT - Wanted PCT - Time Play
Normal Forward
1 - 30% - 37% - 14:32
2 - 32% - 33% - 15:41
3 - 23% - 20% - 11:22
4 - 15% - 10% - 7:29
Normal Defense
1 - 35% - 40% - 17:17
2 - 36% - 30% - 17:37
3 - 25% - 20% - 12:12
4 - 4% - 10% - 1:58
PP Forward
1 - 47% - 60% - 3:18
2 - 53% - 40% - 3:45
PP Defense
1 - 74% - 60% - 5:13
2 - 26% - 40% - 1:50
PK Forward
1 - 77% - 60% - 2:59
2 - 23% - 40% - 0:54
PK Defense
1 - 69% - 60% - 2:40
2 - 31% - 40% - 1:13
PK3 Forward
1 - 0% - 60%
2 - 0% - 40%
PK3 Defense
1 - 0% - 60%
2 - 0% - 40%
44 Forward
1 - 0% - 60%
2 - 0% - 40%
44 Defense
1 - 0% - 60%
2 - 0% - 40%
Last Minute Offensive  - 0:00
Last Minute Defensive  - 0:00
Total
Forward - 60:00
Defense - 60:00

% Time on Ice - Mustangs

Lines # - Real PCT - Wanted PCT - Time Play
Normal Forward
1 - 32% - 40% - 15:18
2 - 27% - 30% - 13:04
3 - 24% - 20% - 11:39
4 - 17% - 10% - 8:09
Normal Defense
1 - 39% - 40% - 18:47
2 - 33% - 30% - 15:56
3 - 24% - 20% - 11:30
4 - 4% - 10% - 1:57
PP Forward
1 - 53% - 60% - 2:04
2 - 47% - 40% - 1:49
PP Defense
1 - 82% - 60% - 3:11
2 - 18% - 40% - 0:42
PK Forward
1 - 74% - 60% - 5:12
2 - 26% - 40% - 1:51
PK Defense
1 - 68% - 60% - 4:49
2 - 32% - 40% - 2:14
PK3 Forward
1 - 0% - 60%
2 - 0% - 40%
PK3 Defense
1 - 0% - 60%
2 - 0% - 40%
44 Forward
1 - 0% - 60%
2 - 0% - 40%
44 Defense
1 - 0% - 60%
2 - 0% - 40%
Last Minute Offensive  - 0:00
Last Minute Defensive  - 0:54
Total
Forward - 60:00
Defense - 60:00

Play by Play

1st period


0:01 of 1st period - James Wright wins face-off versus Riley Sheahan in neutral zone.
0:05 of 1st period - Slapshot by Michael Raffl.
0:05 of 1st period - Deflect By Josh Bailey.
0:05 of 1st period - Stopped by Peter Mannino with a rebound.
0:22 of 1st period - Minor Penalty to Eric Wellwood for Roughing.
0:23 of 1st period - Cody Bass wins face-off versus Riley Sheahan in Mustangs zone.
0:28 of 1st period - Wrist shot by Michael Raffl.
0:28 of 1st period - Deflect By Josh Bailey.
0:28 of 1st period - Stopped by Peter Mannino without a rebound.
0:29 of 1st period - Riley Sheahan wins face-off versus Cody Bass in Mustangs zone.
0:44 of 1st period - Snap shot by Michael Raffl.
0:44 of 1st period - Shot Misses the Net.
2:22 of 1st period - Penalty to Eric Wellwood is over, Eric Wellwood is back on ice.
3:07 of 1st period - Off-side.
3:08 of 1st period - Alan Quine wins face-off versus Andreas Athanasiou in neutral zone.
3:19 of 1st period - Snap shot by Tom Wilson.
3:19 of 1st period - Shot Misses the Net.
3:25 of 1st period - Zach Trotman is hit by Mark Pysyk and loses puck.
3:34 of 1st period - Snap shot by Francis Paré.
3:34 of 1st period - Shot Blocked by Alan Quine.
3:47 of 1st period - Wrist shot by Jordan Martinook.
3:47 of 1st period - Goal by Jordan Martinook - Knights : 1 - Mustangs : 0.
3:48 of 1st period - Riley Sheahan wins face-off versus James Wright in neutral zone.
4:01 of 1st period - Snap shot by Josh Jooris.
4:01 of 1st period - Shot Misses the Net.
4:03 of 1st period - Snap shot by Scott Mayfield.
4:03 of 1st period - Stopped by Ben Scrivens with a rebound.
4:15 of 1st period - Jim O'Brien is hit by Ronalds Kenins and loses puck.
4:20 of 1st period - Snap shot by Kevin Hayes.
4:20 of 1st period - Shot Blocked by Marcus Foligno.
4:22 of 1st period - Minor Penalty to Marcus Foligno for Hooking.
4:23 of 1st period - Riley Sheahan wins face-off versus Michael Raffl in Mustangs zone.
4:39 of 1st period - Snap shot by Cody Bass.
4:39 of 1st period - Shot Blocked by Denis Bodrov.
4:58 of 1st period - Icing by Ronalds Kenins.
4:59 of 1st period - James Wright wins face-off versus Riley Sheahan in Knights zone.
5:17 of 1st period - Icing by Tomas Kundratek.
5:18 of 1st period - Jim O'Brien wins face-off versus James Wright in Knights zone.
5:29 of 1st period - Snap shot by Kevin Hayes.
5:29 of 1st period - Stopped by Peter Mannino with a rebound.
5:45 of 1st period - Wrist shot by Kevin Hayes.
5:45 of 1st period - Shot Blocked by Denis Bodrov.
5:47 of 1st period - Slapshot by Kevin Hayes.
5:47 of 1st period - Stopped by Peter Mannino with a rebound.
5:49 of 1st period - Slapshot by Tomas Kundratek.
5:49 of 1st period - Stopped by Peter Mannino with a rebound.
5:51 of 1st period - Snap shot by Ronalds Kenins.
5:51 of 1st period - Shot Blocked by Eric Wellwood.
5:53 of 1st period - Snap shot by Kevin Hayes.
5:53 of 1st period - Stopped by Peter Mannino with a rebound.
5:55 of 1st period - Snap shot by Jared Spurgeon.
5:55 of 1st period - Shot Misses the Net.
6:03 of 1st period - Snap shot by Kevin Hayes.
6:03 of 1st period - Goal by Kevin Hayes - Knights : 2 - Mustangs : 0.
6:04 of 1st period - Jim O'Brien wins face-off versus Brendan Gaunce in neutral zone.
6:11 of 1st period - Snap shot by Jim O'Brien.
6:11 of 1st period - Shot Misses the Net.
6:13 of 1st period - Snap shot by Marcus Foligno.
6:13 of 1st period - Stopped by Ben Scrivens with a rebound.
6:15 of 1st period - Slapshot by Mark Pysyk.
6:15 of 1st period - Stopped by Ben Scrivens without a rebound.
6:16 of 1st period - Riley Sheahan wins face-off versus James Wright in Knights zone.
6:25 of 1st period - Tomas Kundratek is hit by Riley Sheahan and loses puck.
7:04 of 1st period - A.J. Jenks is hit by Cameron Gaunce and loses puck.
8:01 of 1st period - Wrist shot by Jim O'Brien.
8:01 of 1st period - Shot Misses the Net.
8:07 of 1st period - Wrist shot by Ronalds Kenins.
8:07 of 1st period - Shot Blocked by Mark Pysyk.
8:09 of 1st period - Wrist shot by Cody Bass.
8:09 of 1st period - Shot Misses the Net.
8:19 of 1st period - Marcus Foligno is hit by Michael Matheson and loses puck.
8:30 of 1st period - Snap shot by Alan Quine.
8:30 of 1st period - Stopped by Peter Mannino with a rebound.
8:46 of 1st period - Backhand shot by Jim O'Brien.
8:46 of 1st period - Shot Misses the Net.
10:24 of 1st period - Eric Wellwood is hit by Tom Wilson and loses puck.
10:41 of 1st period - Snap shot by Tom Wilson.
10:41 of 1st period - Stopped by Peter Mannino without a rebound.
10:42 of 1st period - Cody Bass wins face-off versus Rick Schofield in Mustangs zone.
10:45 of 1st period - Wrist shot by Kevin Hayes.
10:45 of 1st period - Stopped by Peter Mannino with a rebound.
11:19 of 1st period - Snap shot by Eric Wellwood.
11:19 of 1st period - Stopped by Ben Scrivens with a rebound.
11:43 of 1st period - Denis Bodrov is hit by Jared Spurgeon and loses puck.
12:22 of 1st period - Wrist shot by Eric Wellwood.
12:22 of 1st period - Goal by Eric Wellwood - Knights : 2 - Mustangs : 1.
12:23 of 1st period - Josh Bailey wins face-off versus Riley Sheahan in neutral zone.
12:25 of 1st period - Minor Penalty to Jacob Trouba for Goalie Interference.
12:26 of 1st period - Riley Sheahan wins face-off versus Cody Bass in Knights zone.
12:26 of 1st period - Snap shot by Eric Wellwood.
12:26 of 1st period - Shot Blocked by Justin Falk.
12:28 of 1st period - Snap shot by Eric Wellwood.
12:28 of 1st period - Shot Blocked by Tomas Kundratek.
12:30 of 1st period - Snap shot by Josh Jooris.
12:30 of 1st period - Stopped by Ben Scrivens without a rebound.
12:31 of 1st period - Riley Sheahan wins face-off versus Cody Bass in Knights zone.
12:42 of 1st period - Wrist shot by Eric Wellwood.
12:42 of 1st period - Stopped by Ben Scrivens with a rebound.
12:44 of 1st period - Slapshot by Denis Bodrov.
12:44 of 1st period - Goal by Denis Bodrov - Knights : 2 - Mustangs : 2.
12:45 of 1st period - Riley Sheahan wins face-off versus James Wright in neutral zone.
12:54 of 1st period - Slapshot by James Wright.
12:54 of 1st period - Stopped by Peter Mannino with a rebound.
12:56 of 1st period - Snap shot by Michael Raffl.
12:56 of 1st period - Shot Misses the Net.
13:10 of 1st period - Tomas Kundratek is hit by Andrew Shaw and loses puck.
13:23 of 1st period - Jim O'Brien is hit by Jacob Trouba and loses puck.
14:43 of 1st period - Wrist shot by James Wright.
14:43 of 1st period - Shot Blocked by Marcus Foligno.
14:45 of 1st period - Snap shot by Michael Raffl.
14:45 of 1st period - Deflect By Josh Bailey.
14:45 of 1st period - Shot Misses the Net.
14:45 of 1st period - Puck is out of play.
14:46 of 1st period - Jim O'Brien wins face-off versus James Wright in Mustangs zone.
15:22 of 1st period - Denis Bodrov is hit by Zach Trotman and loses puck.
15:52 of 1st period - Snap shot by Kevin Hayes.
15:52 of 1st period - Shot Misses the Net.
16:16 of 1st period - Backhand shot by Jared Spurgeon.
16:16 of 1st period - Shot Blocked by Mark Pysyk.
16:18 of 1st period - Slapshot by Jared Spurgeon.
16:18 of 1st period - Stopped by Peter Mannino with a rebound.
17:12 of 1st period - Tomas Kundratek is hit by Denis Bodrov and loses puck.
17:19 of 1st period - Slapshot by Joshua Leivo.
17:19 of 1st period - Deflect By Michael Raffl.
17:19 of 1st period - Shot Blocked by James Wright.
17:19 of 1st period - Puck is out of play.
17:20 of 1st period - Jim O'Brien wins face-off versus Brendan Gaunce in Knights zone.
17:27 of 1st period - Snap shot by Jim O'Brien.
17:27 of 1st period - Stopped by Ben Scrivens without a rebound.
17:28 of 1st period - Jim O'Brien wins face-off versus A.J. Jenks in Knights zone.
17:57 of 1st period - Snap shot by Rick Schofield.
17:57 of 1st period - Stopped by Ben Scrivens with a rebound.
18:07 of 1st period - Snap shot by A.J. Jenks.
18:07 of 1st period - Stopped by Peter Mannino without a rebound.
18:08 of 1st period - Riley Sheahan wins face-off versus James Wright in Mustangs zone.
18:08 of 1st period - Riley Sheahan is hit by Josh Bailey.
18:18 of 1st period - Off-side.
18:19 of 1st period - Cody Bass wins face-off versus Riley Sheahan in neutral zone.
18:35 of 1st period - Snap shot by Cody Bass.
18:35 of 1st period - Deflect By Josh Jooris.
18:35 of 1st period - Shot Misses the Net.
18:35 of 1st period - Puck is out of play.
18:36 of 1st period - Jim O'Brien wins face-off versus James Wright in Mustangs zone.
18:44 of 1st period - Minor Penalty to Jacob Trouba for Hooking.
18:45 of 1st period - Riley Sheahan wins face-off versus Cody Bass in Knights zone.
18:57 of 1st period - Wrist shot by Cody Bass.
18:57 of 1st period - Goal by Cody Bass - Knights : 3 - Mustangs : 2.
18:58 of 1st period - Riley Sheahan wins face-off versus Cody Bass in neutral zone.
19:05 of 1st period - Snap shot by Riley Sheahan.
19:05 of 1st period - Goal by Riley Sheahan - Knights : 3 - Mustangs : 3.
19:06 of 1st period - James Wright wins face-off versus Riley Sheahan in neutral zone.
19:15 of 1st period - Wrist shot by Michael Raffl.
19:15 of 1st period - Shot Misses the Net.
19:17 of 1st period - Wrist shot by James Wright.
19:17 of 1st period - Shot Blocked by Denis Bodrov.
19:52 of 1st period - Slapshot by Brady Skjei.
19:52 of 1st period - Deflect By Cody Bass.
19:52 of 1st period - Stopped by Ben Scrivens without a rebound.
19:53 of 1st period - Andreas Athanasiou wins face-off versus James Wright in Knights zone.
Goals for this period are 3 for Knights vs 3 for Mustangs.
Shots for this period are 15 for Knights vs 12 for Mustangs.

2nd period


0:01 of 2nd period - James Wright wins face-off versus Riley Sheahan in neutral zone.
0:04 of 2nd period - Cameron Gaunce is hit by James Wright and loses puck.
0:12 of 2nd period - Minor Penalty to Jacob Trouba for Holding.
0:13 of 2nd period - Cody Bass wins face-off versus Riley Sheahan in Knights zone.
0:47 of 2nd period - Snap shot by Marcus Foligno.
0:47 of 2nd period - Stopped by Ben Scrivens with a rebound.
0:53 of 2nd period - Denis Bodrov is hit by Ronalds Kenins and loses puck.
0:58 of 2nd period - Slapshot by Ronalds Kenins.
0:58 of 2nd period - Stopped by Peter Mannino without a rebound.
0:59 of 2nd period - Cody Bass wins face-off versus Riley Sheahan in Mustangs zone.
1:00 of 2nd period - Snap shot by Michael Raffl.
1:00 of 2nd period - Stopped by Peter Mannino with a rebound.
1:25 of 2nd period - Michael Matheson is hit by Andrew Shaw and loses puck.
1:56 of 2nd period - Denis Bodrov is hit by Ronalds Kenins and loses puck.
2:12 of 2nd period - Penalty to Jacob Trouba is over, Jacob Trouba is back on ice.
2:37 of 2nd period - Slapshot by Brendan Gaunce.
2:37 of 2nd period - Shot Blocked by Alexei Marchenko.
2:55 of 2nd period - Slapshot by Ronalds Kenins.
2:55 of 2nd period - Shot Misses the Net.
3:05 of 2nd period - Backhand shot by Jerome Samson.
3:05 of 2nd period - Stopped by Ben Scrivens with a rebound.
3:07 of 2nd period - Slapshot by Alexei Marchenko.
3:07 of 2nd period - Shot Blocked by Jared Spurgeon.
3:09 of 2nd period - Slapshot by Alexei Marchenko.
3:09 of 2nd period - Stopped by Ben Scrivens without a rebound.
3:10 of 2nd period - James Wright wins face-off versus Eric Wellwood in Knights zone.
3:19 of 2nd period - Tomas Kundratek is hit by Josh Jooris and loses puck.
3:38 of 2nd period - Snap shot by Marcus Foligno.
3:38 of 2nd period - Shot Blocked by Tomas Kundratek.
3:42 of 2nd period - Wrist shot by Marcus Foligno.
3:42 of 2nd period - Shot Misses the Net.
3:44 of 2nd period - Backhand shot by Denis Bodrov.
3:44 of 2nd period - Stopped by Ben Scrivens with a rebound.
3:46 of 2nd period - Wrist shot by Marcus Foligno.
3:46 of 2nd period - Stopped by Ben Scrivens without a rebound.
3:47 of 2nd period - Riley Sheahan wins face-off versus James Wright in Knights zone.
3:55 of 2nd period - Minor Penalty to James Wright for Hooking.
3:56 of 2nd period - Josh Jooris wins face-off versus Cody Bass in Knights zone.
4:40 of 2nd period - Cody Bass is hit by Marcus Foligno and loses puck.
5:03 of 2nd period - Slapshot by Jim O'Brien.
5:03 of 2nd period - Shot Misses the Net.
5:05 of 2nd period - Snap shot by Jim O'Brien.
5:05 of 2nd period - Shot Misses the Net.
5:07 of 2nd period - Snap shot by Marcus Foligno.
5:07 of 2nd period - Shot Blocked by Ronalds Kenins.
5:09 of 2nd period - Slapshot by Denis Bodrov.
5:09 of 2nd period - Deflect By Ronalds Kenins.
5:09 of 2nd period - Goal by Denis Bodrov - Knights : 3 - Mustangs : 4.
5:10 of 2nd period - Brendan Gaunce wins face-off versus Riley Sheahan in neutral zone.
5:37 of 2nd period - Icing by Mark Pysyk.
5:38 of 2nd period - Kevin Hayes wins face-off versus Rick Schofield in Mustangs zone.
6:06 of 2nd period - Icing by Cody Bass.
6:07 of 2nd period - Josh Jooris wins face-off versus Cody Bass in Knights zone.
6:20 of 2nd period - Slapshot by Denis Bodrov.
6:20 of 2nd period - Stopped by Ben Scrivens with a rebound.
6:41 of 2nd period - Off-side.
6:42 of 2nd period - James Wright wins face-off versus Riley Sheahan in neutral zone.
6:53 of 2nd period - Slapshot by Michael Raffl.
6:53 of 2nd period - Stopped by Peter Mannino without a rebound.
6:54 of 2nd period - Eric Wellwood wins face-off versus James Wright in Mustangs zone.
7:28 of 2nd period - Slapshot by Andrew Shaw.
7:28 of 2nd period - Stopped by Ben Scrivens without a rebound.
7:29 of 2nd period - Jim O'Brien wins face-off versus Cody Bass in Knights zone.
7:30 of 2nd period - Snap shot by Marcus Foligno.
7:30 of 2nd period - Stopped by Ben Scrivens without a rebound.
7:31 of 2nd period - Cody Bass wins face-off versus Jim O'Brien in Knights zone.
9:09 of 2nd period - A.J. Jenks is hit by Andrew Shaw and loses puck.
9:20 of 2nd period - Off-side.
9:21 of 2nd period - Joshua Leivo wins face-off versus James Wright in neutral zone.
9:24 of 2nd period - Slapshot by Mark Pysyk.
9:24 of 2nd period - Shot Misses the Net.
9:26 of 2nd period - Wrist shot by Jerome Samson.
9:26 of 2nd period - Goal by Jerome Samson - Knights : 3 - Mustangs : 5.
9:26 of 2nd period - Connor Knapp enters game.
9:27 of 2nd period - Riley Sheahan wins face-off versus Cody Bass in neutral zone.
9:42 of 2nd period - Snap shot by Ronalds Kenins.
9:42 of 2nd period - Stopped by Peter Mannino with a rebound.
11:23 of 2nd period - Wrist shot by A.J. Jenks.
11:23 of 2nd period - Stopped by Peter Mannino without a rebound.
11:24 of 2nd period - Cody Bass wins face-off versus Riley Sheahan in Mustangs zone.
11:31 of 2nd period - Snap shot by Ronalds Kenins.
11:31 of 2nd period - Stopped by Peter Mannino with a rebound.
11:33 of 2nd period - Slapshot by Tomas Kundratek.
11:33 of 2nd period - Stopped by Peter Mannino with a rebound.
11:35 of 2nd period - Slapshot by Kevin Hayes.
11:35 of 2nd period - Shot Blocked by Denis Bodrov.
11:37 of 2nd period - Snap shot by Jared Spurgeon.
11:37 of 2nd period - Shot Blocked by Denis Bodrov.
11:39 of 2nd period - Slapshot by Jared Spurgeon.
11:39 of 2nd period - Deflect By Cameron Gaunce.
11:39 of 2nd period - Stopped by Peter Mannino with a rebound.
11:49 of 2nd period - Jim O'Brien is hit by Jared Spurgeon and loses puck.
11:54 of 2nd period - Wrist shot by Josh Bailey.
11:54 of 2nd period - Stopped by Peter Mannino with a rebound.
11:56 of 2nd period - Snap shot by Michael Raffl.
11:56 of 2nd period - Shot Misses the Net.
11:58 of 2nd period - Slapshot by Jacob Trouba.
11:58 of 2nd period - Shot Blocked by Cameron Gaunce.
12:34 of 2nd period - Snap shot by Riley Sheahan.
12:34 of 2nd period - Stopped by Connor Knapp with a rebound.
12:48 of 2nd period - Wrist shot by Michael Raffl.
12:48 of 2nd period - Stopped by Peter Mannino with a rebound.
12:50 of 2nd period - Wrist shot by Tomas Kundratek.
12:50 of 2nd period - Shot Blocked by Alexei Marchenko.
12:52 of 2nd period - Slapshot by Josh Bailey.
12:52 of 2nd period - Shot Misses the Net.
13:16 of 2nd period - Slapshot by Eric Wellwood.
13:16 of 2nd period - Stopped by Connor Knapp with a rebound.
14:31 of 2nd period - Zach Trotman is hit by Eric Wellwood and loses puck.
15:09 of 2nd period - Riley Sheahan is hit by Linden Vey and loses puck.
15:53 of 2nd period - Snap shot by James Wright.
15:53 of 2nd period - Stopped by Peter Mannino with a rebound.
15:55 of 2nd period - Backhand shot by Jacob Trouba.
15:55 of 2nd period - Stopped by Peter Mannino without a rebound.
15:56 of 2nd period - Rick Schofield wins face-off versus Alan Quine in Mustangs zone.
15:56 of 2nd period - Rick Schofield is hit by Tomas Kundratek.
16:06 of 2nd period - Slapshot by Cameron Gaunce.
16:06 of 2nd period - Shot Misses the Net.
16:50 of 2nd period - Wrist shot by Rick Schofield.
16:50 of 2nd period - Stopped by Connor Knapp without a rebound.
16:51 of 2nd period - Cody Bass wins face-off versus Jim O'Brien in Knights zone.
17:07 of 2nd period - Andrew Shaw is hit by Cody Bass.
17:26 of 2nd period - Wrist shot by Eric Wellwood.
17:26 of 2nd period - Shot Misses the Net.
17:28 of 2nd period - Slapshot by Brady Skjei.
17:28 of 2nd period - Shot Misses the Net.
17:42 of 2nd period - Denis Bodrov is hit by Justin Falk and loses puck.
18:35 of 2nd period - Slapshot by Jared Spurgeon.
18:35 of 2nd period - Stopped by Peter Mannino with a rebound.
19:22 of 2nd period - Snap shot by A.J. Jenks.
19:22 of 2nd period - Shot Blocked by Brady Skjei.
19:34 of 2nd period - Slapshot by Cody Bass.
19:34 of 2nd period - Stopped by Peter Mannino with a rebound.
19:36 of 2nd period - Slapshot by Tomas Kundratek.
19:36 of 2nd period - Stopped by Peter Mannino without a rebound.
19:37 of 2nd period - Riley Sheahan wins face-off versus James Wright in Mustangs zone.
19:39 of 2nd period - Minor Penalty to Josh Jooris for Cross-checking.
19:40 of 2nd period - Cody Bass wins face-off versus Riley Sheahan in Mustangs zone.
19:54 of 2nd period - Snap shot by Cody Bass.
19:54 of 2nd period - Deflect By Michael Raffl.
19:54 of 2nd period - Stopped by Peter Mannino with a rebound.
19:56 of 2nd period - Snap shot by Cody Bass.
19:56 of 2nd period - Goal by Cody Bass - Knights : 4 - Mustangs : 5.
19:57 of 2nd period - Cody Bass wins face-off versus Riley Sheahan in neutral zone.
Goals for this period are 1 for Knights vs 2 for Mustangs.
Shots for this period are 17 for Knights vs 13 for Mustangs.

3rd period


0:01 of 3rd period - Riley Sheahan wins face-off versus Cody Bass in neutral zone.
0:01 of 3rd period - Eric Wellwood is hit by Cody Bass and loses puck.
0:06 of 3rd period - Riley Sheahan is hit by Kevin Hayes and loses puck.
0:36 of 3rd period - Off-side.
0:37 of 3rd period - Riley Sheahan wins face-off versus Cody Bass in neutral zone.
1:09 of 3rd period - Slapshot by Marcus Foligno.
1:09 of 3rd period - Stopped by Connor Knapp with a rebound.
1:27 of 3rd period - Slapshot by Jared Spurgeon.
1:27 of 3rd period - Stopped by Peter Mannino with a rebound.
2:02 of 3rd period - A.J. Jenks is hit by Denis Bodrov and loses puck.
3:42 of 3rd period - Tomas Kundratek is hit by Riley Sheahan and loses puck.
4:11 of 3rd period - Brady Skjei is hit by Kevin Hayes and loses puck.
5:04 of 3rd period - Josh Bailey is hit by Andreas Athanasiou.
5:46 of 3rd period - Linden Vey is hit by Marcus Foligno and loses puck.
5:53 of 3rd period - Andrew Shaw is hit by A.J. Jenks and loses puck.
6:11 of 3rd period - Jordan Martinook is hit by Riley Sheahan and loses puck.
7:06 of 3rd period - Jared Spurgeon is hit by Marcus Foligno and loses puck.
7:14 of 3rd period - Icing by Jared Spurgeon.
7:15 of 3rd period - Riley Sheahan wins face-off versus Brendan Gaunce in Knights zone.
7:18 of 3rd period - Snap shot by Eric Wellwood.
7:18 of 3rd period - Goal by Eric Wellwood - Knights : 4 - Mustangs : 6.
7:19 of 3rd period - Riley Sheahan wins face-off versus James Wright in neutral zone.
7:22 of 3rd period - Tomas Kundratek is hit by Cameron Gaunce and loses puck.
7:59 of 3rd period - Slapshot by Tomas Kundratek.
7:59 of 3rd period - Stopped by Peter Mannino without a rebound.
8:00 of 3rd period - Jim O'Brien wins face-off versus Cody Bass in Mustangs zone.
8:28 of 3rd period - Snap shot by Linden Vey.
8:28 of 3rd period - Stopped by Peter Mannino with a rebound.
8:34 of 3rd period - Snap shot by Brendan Gaunce.
8:34 of 3rd period - Stopped by Peter Mannino without a rebound.
8:35 of 3rd period - James Wright wins face-off versus Eric Wellwood in Mustangs zone.
8:48 of 3rd period - Wrist shot by Eric Wellwood.
8:48 of 3rd period - Shot Blocked by Josh Bailey.
9:23 of 3rd period - Snap shot by Cameron Gaunce.
9:23 of 3rd period - Stopped by Connor Knapp with a rebound.
10:01 of 3rd period - Snap shot by Tom Wilson.
10:01 of 3rd period - Stopped by Peter Mannino without a rebound.
10:02 of 3rd period - Jim O'Brien wins face-off versus James Wright in Mustangs zone.
10:09 of 3rd period - Jared Spurgeon is hit by Scott Mayfield and loses puck.
10:28 of 3rd period - Alexei Marchenko is hit by Kevin Hayes and loses puck.
10:35 of 3rd period - Ronalds Kenins is hit by Brady Skjei and loses puck.
10:58 of 3rd period - Snap shot by Tom Wilson.
10:58 of 3rd period - Shot Misses the Net.
11:00 of 3rd period - Slapshot by Michael Matheson.
11:00 of 3rd period - Shot Misses the Net.
12:17 of 3rd period - Jerome Samson is hit by Tomas Kundratek and loses puck.
12:51 of 3rd period - Minor Penalty to Marcus Foligno for Hooking.
12:52 of 3rd period - Eric Wellwood wins face-off versus Cody Bass in Mustangs zone.
13:00 of 3rd period - Wrist shot by Eric Wellwood.
13:00 of 3rd period - Shot Blocked by Jared Spurgeon.
13:29 of 3rd period - Off-side.
13:30 of 3rd period - Andreas Athanasiou wins face-off versus James Wright in neutral zone.
13:37 of 3rd period - Slapshot by Alexei Marchenko.
13:37 of 3rd period - Stopped by Connor Knapp without a rebound.
13:38 of 3rd period - James Wright wins face-off versus Joshua Leivo in Knights zone.
13:38 of 3rd period - James Wright is hit by Denis Bodrov.
13:46 of 3rd period - Wrist shot by Ronalds Kenins.
13:46 of 3rd period - Shot Misses the Net.
13:48 of 3rd period - Snap shot by Justin Falk.
13:48 of 3rd period - Shot Blocked by Cameron Gaunce.
13:50 of 3rd period - Wrist shot by Ronalds Kenins.
13:50 of 3rd period - Deflect By Denis Bodrov.
13:50 of 3rd period - Shot Blocked by Joshua Leivo.
13:50 of 3rd period - Puck is out of play.
13:51 of 3rd period - Cody Bass wins face-off versus Riley Sheahan in Mustangs zone.
13:54 of 3rd period - Slapshot by Cody Bass.
13:54 of 3rd period - Stopped by Peter Mannino without a rebound.
13:55 of 3rd period - Cody Bass wins face-off versus Riley Sheahan in Mustangs zone.
13:56 of 3rd period - Snap shot by Josh Bailey.
13:56 of 3rd period - Stopped by Peter Mannino with a rebound.
13:58 of 3rd period - Snap shot by Cody Bass.
13:58 of 3rd period - Goal by Cody Bass - Knights : 5 - Mustangs : 6.
13:59 of 3rd period - James Wright wins face-off versus Riley Sheahan in neutral zone.
14:02 of 3rd period - Slapshot by Michael Raffl.
14:02 of 3rd period - Shot Misses the Net.
14:04 of 3rd period - Minor Penalty to Denis Bodrov for Tripping.
14:05 of 3rd period - Cody Bass wins face-off versus Riley Sheahan in Mustangs zone.
14:14 of 3rd period - Wrist shot by Cody Bass.
14:14 of 3rd period - Shot Blocked by Cameron Gaunce.
14:38 of 3rd period - James Wright is hit by Riley Sheahan and loses puck.
16:04 of 3rd period - Penalty to Denis Bodrov is over, Denis Bodrov is back on ice.
16:04 of 3rd period - Scott Mayfield is hit by Justin Falk and loses puck.
16:09 of 3rd period - Wrist shot by Linden Vey.
16:09 of 3rd period - Stopped by Peter Mannino with a rebound.
16:39 of 3rd period - Zach Trotman is hit by Denis Bodrov and loses puck.
18:09 of 3rd period - Wrist shot by Cody Bass.
18:09 of 3rd period - Stopped by Peter Mannino without a rebound.
18:10 of 3rd period - James Wright wins face-off versus Andreas Athanasiou in Mustangs zone.
19:19 of 3rd period - Slapshot by Riley Sheahan.
19:19 of 3rd period - Deflect By Josh Jooris.
19:19 of 3rd period - Stopped by Connor Knapp with a rebound.
19:24 of 3rd period - Snap shot by Denis Bodrov.
19:24 of 3rd period - Shot Misses the Net.
19:26 of 3rd period - Slapshot by Josh Jooris.
19:26 of 3rd period - Shot Misses the Net.
19:32 of 3rd period - Snap shot by Riley Sheahan.
19:32 of 3rd period - Stopped by Connor Knapp with a rebound.
19:34 of 3rd period - Wrist shot by Cameron Gaunce.
19:34 of 3rd period - Stopped by Connor Knapp with a rebound.
19:36 of 3rd period - Wrist shot by Josh Jooris.
19:36 of 3rd period - Shot Blocked by Jacob Trouba.
19:38 of 3rd period - Snap shot by Riley Sheahan.
19:38 of 3rd period - Goal by Riley Sheahan - Knights : 5 - Mustangs : 7.
19:39 of 3rd period - Linden Vey wins face-off versus Riley Sheahan in neutral zone.
Goals for this period are 1 for Knights vs 2 for Mustangs.
Shots for this period are 10 for Knights vs 8 for Mustangs.